Unix NetHack Version 3.7.0-53 Work-in-progress - last build Apr 18 2022 03:42:42 (02b85442fffe0e2954e411e09df771b56fe27bbc,branch:master). Game began 2022-04-19 20:33:30, ended 2022-04-19 21:39:29. Arasaka, neutral female gnomish Archeologist -- ---.---- -- --.....|.--.-- |............| -........h..-- -.....@.ddd| --..............- ------......| | --G...| ..-- --- Arasaka the Digger St:10 Dx:10 Co:16 In:16 Wi:17 Ch:7 Neutral Dlvl:5 $:47 HP:0(20) Pw:12(12) AC:6 Xp:2/33 T:1518 Latest messages: The gecko misses! You hit the gecko. The gecko bites! You hit the gecko. You hit the gecko. The gecko turns to flee. You kill the gecko! You see here a gecko corpse. There is a gecko corpse here; eat it? [ynq] (n) This gecko corpse tastes okay. You finish eating the gecko corpse. You stop searching. You hit the newt. You miss the newt. You kill the newt! With great effort you move the boulder. Where do you want to travel to? (For instructions type a '?') You hit the newt. The newt misses! You kill the newt! You see here a newt corpse. There is a newt corpse here; eat it? [ynq] (n) This newt corpse tastes okay. You finish eating the newt corpse. Where do you want to travel to? (For instructions type a '?') You are beginning to feel hungry. You stop waiting. You feel tough! You must have been leading a healthy life-style. What do you want to eat? [dkp or ?*] Yak - dog food! You finish eating the tripe ration. You feel slightly confused. You can't seem to think straight. You feel incredibly sick. You feel less confused now. You are about to vomit. You feel a bit steadier now. You vomit! You can move again. You are in full health. You descend the stairs. The dwarf swings his broad pick. The dwarf hits! The gnome shoots 2 crossbow bolts! You are hit by the 1st crossbow bolt. You are hit by the 2nd crossbow bolt. You die... Major events: Turn 1: Arasaka the neutral female gnomish Archeologist entered the dungeon 1298: entered the Gnomish Mines 1518: killed by a crossbow bolt Inventory: Coins ('$') $ - 47 gold pieces Weapons (')') a - an uncursed +2 bullwhip Armor ('[') c - an uncursed +0 fedora (being worn) o - an uncursed +1 pair of water walking boots (being worn) m - an uncursed +0 leather armor (being worn) Comestibles ('%') d - 3 uncursed food rations k - a cursed tripe ration Scrolls ('?') n - an uncursed scroll of light Rings ('=') q - an uncursed ring of warning (on left hand) Tools ('(') h - an empty uncursed sack i - an uncursed oil lamp e - an uncursed +0 pick-axe f - an uncursed tinning kit (0:63) Gems/Stones ('*') s - 2 uncursed worthless pieces of yellow glass l - an uncursed luckstone g - an uncursed touchstone Arasaka the Archeologist's attributes: Background: You were a Digger, a level 2 female gnomish Archeologist. You were neutral, on a mission for Camaxtli who was opposed by Quetzalcoatl (lawful) and Huhetotl (chaotic). You were in the Gnomish Mines, on level 5. You entered the dungeon 1518 turns ago. You had 33 experience points, 7 more were needed to attain level 3. Basics: You had 0 out of 20 hit points. You had all 12 energy points (spell power). Your armor class was 6. Your wallet contained 47 zorkmids. Autopickup was on for '$"?' plus thrown, with exceptions. Final Characteristics: Your strength was 10 (limit:18/50). Your dexterity was 10 (limit:18). Your constitution was 16 (limit:18). Your intelligence was 16 (limit:19). Your wisdom was 17 (limit:18). Your charisma was 7 (limit:18). Final Status: You were not hungry. You were unencumbered. You were bare handed. You were unskilled in bare handed combat. Final Attributes: You were fervently aligned. You were warned. You had infravision. You were stealthy. You could walk on water. You were warded. You were fast. You were lucky. You had extra luck. Bad luck did not time out for you. Good luck did not time out for you. You are dead. Miscellaneous: You disabled loading of bones levels. Total elapsed playing time was 39 minutes and 5 seconds. Vanquished creatures: a gnome zombie 2 geckos 7 jackals a fox a sewer rat 3 grid bugs 2 lichens a kobold zombie 5 newts 23 creatures vanquished. No species were genocided or became extinct. Voluntary challenges: You read items or engraved 1 time. You never engraved Elbereth. You never genocided any monsters. You never polymorphed an object. You never changed form. You used no wishes. Achievement: You entered the Gnomish Mines. The Dungeons of Doom: levels 1 to 4 Level 1: Level 2: A fountain. Level 3: A fountain. Level 4: An altar. Stairs down to The Gnomish Mines. The Gnomish Mines: Level 5: <- You were here. Final resting place for you, killed by a crossbow bolt. Game over: ---------- / \ / REST \ / IN \ / PEACE \ / \ | Arasaka | | 47 Au | | killed by a | | crossbow bolt | | | | | | 2022 | *| * * * | * _________)/\\_//(\/(/\)/\//\/|_)_______ Goodbye Arasaka the Archeologist... You died in The Gnomish Mines on dungeon level 5 with 385 points, and 47 pieces of gold, after 1518 moves. You were level 2 with a maximum of 20 hit points when you died.